 Dungeon Crawl Stone Soup version 0.28-a0-1038-g9c4cb82 (webtiles) character file.

Game seed: 14914077178831616733

116 HDogLeCool the Poker (level 4, -2/36 HPs)
             Began as a Demonspawn Fighter on Dec 8, 2021.
             Slain by Sigmund (9 damage)
             ... on level 3 of the Dungeon.
             The game lasted 00:06:28 (2703 turns).

HDogLeCool the Poker (Demonspawn Fighter)           Turns: 2703, Time: 00:06:29

Health: -2/36      AC:  8    Str: 18    XL:     4   Next: 70%
Magic:  4/4        EV:  9    Int:  9    God:
Gold:   128        SH:  5    Dex: 13    Spells: 3/3 levels left

rFire   + . .      SeeInvis .   a - +0 trident
rCold   . . .      Faith    .   c - +0 buckler
rNeg    . . .      Spirit   .   b - +0 scale mail
rPois   .          Reflect  .   (no helmet)
rElec   .          Harm     .   g - +0 cloak
rCorr   .          Rampage  .   (no gloves)
Will    .....                   (no boots)
Stlth   ..........              (no amulet)
HPRegen 0.12/turn               t - ring of protection from fire
MPRegen 0.09/turn               (no ring)

@: mighty, hasted, very quick
A: rugged brown scales 1, condensation shield
a: no special abilities


You were on level 3 of the Dungeon.
You visited 1 branch of the dungeon, and saw 3 of its levels.

You collected 128 gold pieces.

Inventory:

Hand Weapons
 a - a +0 trident (weapon)
Missiles
 e - 101 stones (quivered)
 r - 17 poisoned darts
Armour
 b - a +0 scale mail (worn)
 c - a +0 buckler (worn)
 g - a +0 cloak (worn)
Jewellery
 t - a ring of protection from fire (left hand)
Scrolls
 h - a scroll of enchant armour {unknown}
 j - a scroll of identify {unknown}
 k - 2 scrolls of magic mapping {unknown}
 l - a scroll of fog {unknown}
 m - 2 scrolls of blinking {unknown}
 n - a scroll of teleportation {unknown}
 o - a scroll of noise {unknown}
 p - a scroll of amnesia {unknown}


   Skills:
 + Level 3.3 Fighting
 * Level 3.7 Polearms
 - Level 2.6 Armour
 + Level 0.1 Dodging
 + Level 0.1 Stealth
 * Level 3.4 Shields


You had 3 spell levels left.
You didn't know any spells.
Your spell library was empty.

Dungeon Overview and Level Annotations

Branches:
Dungeon (3/15)

Altars:
Fedhas
Qazlal
Sif Muna

Annotations:
D:2 1 runed translucent door, Crazy Yiuf
D:3 2 transporters, Sigmund; SkeletorExplains's ghost, amateur GnWn


Innate Abilities, Weirdness & Mutations

You are partially covered in rugged brown scales. (AC +1, +3% HP)
A meltable shield of frost defends you. (SH +0)


Message History

Your transformation is almost over.
Sigmund gestures wildly while chanting.
Sigmund flickers and vanishes!
Deactivating autopickup; reactivate with Ctrl-A.
You hit something but do no damage. You closely miss something.
You block something's attack.
You barely miss something. You barely miss something.
You hear some strange, mumbled words.
A magic dart appears from out of thin air!
The magic dart hits you but does no damage.
You miss something. Something hits you.
* * * LOW HITPOINT WARNING * * *
You feel less attractive to monsters.
You hit something but do no damage. You closely miss something.
You hear some strange, mumbled words.
Something tries to affect you, but you resist.
You closely miss something. You block something's attack.
You hit something. You hit something.
You hear some strange, mumbled words.
Something tries to affect you, but you resist.
You miss something. You hit something but do no damage.
You feel less wooden.
Your +0 cloak unmelds from your body.
Your +0 scale mail unmelds from your body.
You hear some strange, mumbled words.
A puff of flame appears from out of thin air!
The puff of flame misses you.
You feel very mighty all of a sudden. Something hits you but does no damage.
You barely miss something. You barely miss something.
You hear some strange, mumbled words.
A puff of flame appears from out of thin air!
The puff of flame misses you.
You barely miss something. Something hits you!
You die...

.§######..#.#<.......#.
.≈......>........###.#
##§.####..#.#......#.#
≈_≈...##..#.#.##...#.#
..#.#.....#.#.##...#.#
.....................#
.........##'#.##..#######.
....###....... #..........
P.P.# #.......##@..#######
P_..# #.........{..#
P.PP###.......##..†#
..P.......###.#........
###........ ..#....###.#
#...........'......
#...........#.#..#.#
#................#.#
............#.... .


There were no monsters in sight!

Vanquished Creatures
  4 gnolls (D:3)
  An adder (D:3)
  An adder skeleton (D:3)
  3 worms
  A dart slug (D:1)
  An orc (D:3)
  5 endoplasms
  A giant cockroach (D:3)
  5 goblins
  8 hobgoblins
  4 jackals (D:3)
  4 kobolds
  A quokka (D:3)
  4 ball pythons
  3 bats
  3 frilled lizards
  5 rats
54 creatures vanquished.

Vanquished Creatures (others)
  A fungus (D:3)
  3 plants (D:3)
4 creatures vanquished.

Grand Total: 58 creatures vanquished

Notes
Turn   | Place    | Note
-------+----------+-------------------------------------------
     0 | D:1      | HDogLeCool the Demonspawn Fighter began the quest for the
                  | Orb.
     0 | D:1      | Reached XP level 1. HP: 18/18 MP: 1/1
     1 | D:1      | Noticed an electric eel
   226 | D:1      | Gained mutation: You are partially covered in rugged brown
                  | scales. (AC +1, +3% HP) [demonic ancestry]
   226 | D:1      | Reached XP level 2. HP: 7/24 MP: 2/2
  1176 | D:2      | Reached XP level 3. HP: 29/29 MP: 3/3
  1182 | D:2      | Found a shimmering blue altar of Sif Muna.
  1245 | D:2      | Found a runed translucent door.
  1246 | D:2      | Noticed Crazy Yiuf
  1281 | D:2      | Found a faded altar of an unknown god.
  1808 | D:3      | Gained mutation: A meltable shield of frost defends you.
                  | (SH +0) [demonic ancestry]
  1808 | D:3      | Reached XP level 4. HP: 10/36 MP: 4/4
  2251 | D:3      | Found a transporter.
  2337 | D:3      | Found a transporter.
  2343 | D:3      | Noticed SkeletorExplains's ghost (amateur GnWn)
  2424 | D:3      | Found a stormy altar of Qazlal.
  2424 | D:3      | Found a blossoming altar of Fedhas.
  2643 | D:3      | Noticed Sigmund
  2703 | D:3      | Slain by Sigmund

Illustrated notes

Levels and vault maps discovered:
D:1:      arrival_aquarium_a, layout_loops_ring, minivault_14,
          minmay_pentomino_u2
D:2:      layout_loops_cross, basic_altar, shapermc_ecumenical_altar_notcrosses,
          dk_noncrumbling_4, st_stairs_13, uniq_crazy_yiuf_cottage
D:3:      layout_basic, grunt_temple_overflow_forces_of_nature,
          gammafunk_ghost_arena, moated_statue, kennysheep_generic_room_3,
          uniq_sigmund, uniq_natasha

Skill      XL: |  1  2  3 |
---------------+----------+-----
Polearms       | 2 3 |  3.7
Shields        | 3 |  3.4
Fighting       | |  3.3
Armour         | |  2.6
Dodging        | |  0.1
Stealth        | |  0.1

Action                   |  1- 3 |  4- 6 || total
-------------------------+-------+-------++-------
Melee: Trident           |   114 |   126 ||   240
  Use: Potion            |       |     5 ||     5
Armor: Scale mail        |    35 |    20 ||    55
       Skin              |       |    10 ||    10
Dodge: Dodged            |    24 |    25 ||    49
Block: Buckler           |    20 |    53 ||    73

Table legend: (Time is in decaauts)
 A = Elapsed time spent in this place.
 B = Non-inter-level travel time spent in this place.
 C = Inter-level travel time spent in this place.
 D = Time resting spent in this place.
 E = Time spent auto-exploring this place.
 F = Levels seen in this place.
 G = Mean time per level.
                   A        B        C        D        E       F      G
               +--------+--------+--------+--------+--------+-----+--------+
         Total |   2731 |   2689 |     42 |    596 |   1543 |   3 |  910.3 |
       Dungeon |   2731 |   2689 |     42 |    596 |   1543 |   3 |  910.3 |
               +--------+--------+--------+--------+--------+-----+--------+

Top non-repeatable levels by time:
     D:2: 1140 daAuts
     D:3: 809 daAuts
     D:1: 782 daAuts
